 Dungeon Crawl Stone Soup version 0.23.2 (webtiles) character file.

Game seed: 5508856018481683261

1041 PikkenKukken the Ruffian (level 8, -16/75 HPs)
             Began as a Troll Earth Elementalist on Apr 2, 2019.
             Was a Follower of Okawaru.
             Demolished by an ogre
             ... wielding a +0 giant spiked club
              (24 damage)
             ... on level 6 of the Dungeon on Apr 3, 2019.
             The game lasted 00:12:02 (4354 turns).

PikkenKukken the Ruffian (Troll Earth Elementalist) Turns: 4354, Time: 00:12:03

Health: -16/75     AC:  7    Str: 15    XL:     8   Next: 4%
Magic:  9/10       EV: 28    Int: 11    God:    Okawaru [*.....]
Gold:   395        SH:  0    Dex: 10    Spells: 8/9 levels left

rFire    . . .     SeeInvis .     - Unarmed
rCold    . . .     Gourm    +   (no shield)
rNeg     . . .     Faith    .   c - +1 robe
rPois    .         Spirit   .   (helmet restricted)
rElec    .         Reflect  .   (no cloak)
rCorr    .         Harm     .   (gloves unavailable)
MR       .....                  (boots unavailable)
Stlth    +++.......             q - amulet of the acrobat
HPRegen  0.62/turn              (no ring)
MPRegen  0.12/turn              e - ring of flight

@: heroism, acrobat
A: large, unfitting armour, claws 3, talons 1, dopey 1, fast metabolism 3,
gourmand, high mp 1, regeneration 1, shaggy fur 1, tough skin 3, weak 1
a: Heroism, Renounce Religion, Evoke Flight


You were on level 6 of the Dungeon.
You worshipped Okawaru.
Okawaru was aware of your devotion.
You were completely stuffed.

You visited 2 branches of the dungeon, and saw 7 of its levels.

You collected 395 gold pieces.

Inventory:

Missiles
 b - 165 stones (quivered)
 m - 5 tomahawks
Armour
 c - a +1 robe (worn)
 f - a +0 shield
Jewellery
 e - a ring of flight (right claw)
 q - an amulet of the acrobat (around neck)
Scrolls
 h - a scroll of amnesia
 j - a scroll of teleportation
 k - 3 scrolls of enchant armour
 o - a scroll of enchant weapon
Potions
 g - 6 potions of curing
 i - a potion of flight {unknown}
 l - a potion of cancellation {unknown}
 n - a potion of invisibility {unknown}
 p - a potion of agility {unknown}
Comestibles
 a - 7 chunks of flesh
 d - 17 rations


   Skills:
 + Level 3.4(8.4) Fighting
 + Level 3.2(8.2) Throwing
 + Level 4.0(9.0) Dodging
 - Level 1.0(6.0) Stealth
 + Level 4.3(9.3) Unarmed Combat
 - Level 1.2 Spellcasting
   Level 0.6 Transmutations
 - Level 2.6 Earth Magic
 + Level 2.7 Invocations


You had 8 spell levels left.
You knew the following spells:

 Your Spells              Type           Power        Failure   Level  Hunger
a - Sandblast             Erth           #.....       11%         1    ##.....

Your spell library contained the following spells:

 Spells                   Type           Power        Failure   Level  Hunger
 Passwall                 Tmut/Erth      #.......     24%         2    ###....
 Animate Skeleton         Necr           N/A          32%         1    ##.....
 Apportation              Tloc           #.....       32%         1    ##.....
 Confusing Touch          Hex            #.....       32%         1    ##.....
 Magic Dart               Conj           #...         32%         1    ##.....
 Summon Small Mammal      Summ           #...         32%         1    ##.....
 Blink                    Tloc           N/A          43%         2    ###....
 Call Imp                 Summ           #.......     43%         2    ###....
 Slow                     Hex            #.......     43%         2    ###....
 Stone Arrow              Conj/Erth      #.....       50%         3    ####...
 Confuse                  Hex            #.......     67%         3    ####...
 Conjure Flame            Conj/Fire      #.......     67%         3    ####...
 Gell's Gravitas          Tloc           #.........   67%         3    ####...
 Mephitic Cloud           Conj/Pois/Air  #.......     67%         3    ####...
 Petrify                  Tmut/Erth      #.......     85%         4    #####..
 Lee's Rapid Deconstruct  Erth           #.........   96%         5    ######.
 Metabolic Englaciation   Hex/Ice        #.........   100%        5    ######.
 Yara's Violent Unravell  Hex/Tmut       #.........   100%        5    ######.


Dungeon Overview and Level Annotations

Branches:
Dungeon (6/15)             Temple (1/1) D:4

Altars:
Ashenzari
Cheibriados
Elyvilon
Fedhas
Kikubaaqudgha
Makhleb
Nemelex Xobeh
Okawaru
Qazlal
Sif Muna
Trog
Uskayaw
Vehumet
Wu Jian
Xom
Yredelemnul
Zin

Annotations:
D:4 exclusion: phantom
D:6 2 transporters, Menkaure


Innate Abilities, Weirdness & Mutations

You are too large for most types of armour.
You have claws for hands.
Your metabolism is lightning-fast.
You like to eat raw meat.
Your natural rate of healing is unusually fast.
You are covered in fur. (AC +1)
You have extremely tough skin. (AC +3)
You have sharp toenails.
You are dopey. (Int -2)
You have an increased reservoir of magic. (+10% MP)
You are weak. (Str -2)


Message History

The adder barely misses you. The ogre closely misses you.
You barely miss the ogre.
The ogre is almost dead.
The adder bites you but does no damage.
The ogre hits you with a +0 giant spiked club!!
You are too injured to fight recklessly!
You are too injured to fight recklessly!
You are too injured to fight recklessly!
You miss the adder. The adder barely misses you.
The adder bites you but does no damage.
You scratch the adder. You claw the adder, but do no damage.
The adder is lightly wounded.
The ogre hits you with a +0 giant spiked club!
* * * LOW HITPOINT WARNING * * *
The adder closely misses you.
You claw the adder!
You kill the adder!
Okawaru accepts your kill.
The ogre hits you with a +0 giant spiked club!!
You die...

####### #### #......
.....# #...... #.....#
#...... ......# #......
#...... .......##
##...... #.....O@# ....#
#.#####.# .#.######.
##.##
..........#####...#######
................©.......#
..........#############.#
##.#####..#.....WVWVM©#.#
##........#...........#.#
####..)...#.!##...##..#.#


You could see a phantom, a hungry ghost, a vampire and an ogre.

Vanquished Creatures
  An orc warrior (D:6)
  A sky beast (D:5)
  2 ogres
  A centaur (D:5)
  3 bullfrogs (D:6)
  A scorpion (D:4)
  A bullfrog zombie (D:6)
  3 hounds
  A gnoll shaman (D:3)
  An orc wizard (D:6)
  A hound skeleton (D:5)
  3 gnolls
  5 adders
  2 oozes
  3 worms
  3 dart slugs
  2 leopard geckos (D:6)
  4 orcs
  4 bats
  3 giant cockroaches
  11 goblins
  5 hobgoblins
  11 jackals
  3 quokkas (D:2)
  7 frilled lizards
  5 kobolds
  A quokka skeleton (D:4)
  6 rats
94 creatures vanquished.

Notes
Turn   | Place    | Note
-------+----------+-------------------------------------------
     0 | D:1      | PikkenKukken the Troll Earth Elementalist began the quest
                  | for the Orb.
     0 | D:1      | Reached XP level 1. HP: 16/16 MP: 1/1
   156 | D:1      | Reached XP level 2. HP: 24/26 MP: 2/2
   346 | D:1      | Reached skill level 1 in Unarmed Combat
   374 | D:1      | Reached skill level 1 in Fighting
   555 | D:2      | Reached XP level 3. HP: 33/33 MP: 3/3
  1307 | D:3      | Found a shimmering altar of Xom.
  1308 | D:3      | Found a deep blue altar of Sif Muna.
  1308 | D:3      | Found a stormy altar of Qazlal.
  1308 | D:3      | Found a hide-covered altar of Uskayaw.
  1311 | D:3      | Found a shattered altar of Ashenzari.
  1399 | D:3      | Reached XP level 4. HP: 41/41 MP: 4/4
  1999 | D:3      | Reached skill level 1 in Throwing
  1999 | D:3      | Reached XP level 5. HP: 11/49 MP: 5/5
  2232 | D:4      | Found a sparkling altar of Nemelex Xobeh.
  2251 | D:4      | Noticed a phantom
  2385 | D:4      | Found a staircase to the Ecumenical Temple.
  2395 | Temple   | Entered the Ecumenical Temple
  2411 | Temple   | Became a worshipper of Warmaster Okawaru
  2794 | D:5      | Entered Level 5 of the Dungeon
  2873 | D:5      | Noticed a centaur
  2884 | D:5      | Killed a centaur
  2884 | D:5      | Reached XP level 6. HP: 34/59 MP: 6/6
  3214 | D:5      | Reached skill level 1 in Invocations
  3305 | D:5      | Noticed a sky beast
  3306 | D:5      | Gained mutation: Scrolls take you a little longer to read.
                  | [potion of mutation]
  3306 | D:5      | Gained mutation: You are dopey. (Int -2) [potion of
                  | mutation]
  3306 | D:5      | Gained mutation: You have large cloven feet. [potion of
                  | mutation]
  3320 | D:5      | Killed a sky beast
  3320 | D:5      | Reached * piety under Okawaru
  3474 | D:5      | Reached XP level 7. HP: 47/66 MP: 3/7
  4051 | D:6      | Lost mutation: Scrolls take you a little longer to read.
                  | [potion of mutation]
  4051 | D:6      | Lost mutation: You are dopey. (Int -2) [potion of mutation]
  4051 | D:6      | Lost mutation: You have large cloven feet. [potion of
                  | mutation]
  4051 | D:6      | Gained mutation: You are dopey. (Int -2) [potion of
                  | mutation]
  4051 | D:6      | Gained mutation: You are weak. (Str -2) [potion of
                  | mutation]
  4051 | D:6      | Gained mutation: You have sharp toenails. [potion of
                  | mutation]
  4051 | D:6      | Gained mutation: You have an increased reservoir of magic.
                  | (+10% MP) [potion of mutation]
  4146 | D:6      | Found a blossoming altar of Fedhas.
  4234 | D:6      | Reached XP level 8. HP: 75/75 MP: 10/10
  4296 | D:6      | Found an ancient bone altar of Kikubaaqudgha.
  4300 | D:6      | Noticed Menkaure
  4308 | D:6      | Found a basalt altar of Yredelemnul.
  4325 | D:6      | Found a transporter.
  4327 | D:6      | Found a transporter.
  4354 | D:6      | Demolished by an ogre

Skill      XL: |  1  2  3  4  5  6  7  8 |
---------------+-------------------------+-----
Unarmed Combat | 1 2 3 4 |  4.3
Fighting       | 1 2 3 |  3.4
Dodging        | 2 3 4 |  4.0
Throwing       | 1 2 3 |  3.2
Invocations    | 1 2 |  2.7
Stealth        | |  1.0
Spellcasting   | |  1.2
Transmutations | |  0.6
Earth Magic    | |  2.6

Action                   |  1- 3 |  4- 6 |  7- 9 || total
-------------------------+-------+-------+-------++-------
Melee: Unarmed           |   154 |   108 |    67 ||   329
       Punch             |       |     2 |     1 ||     3
       Kick              |       |     6 |    12 ||    18
 Cast: Sandblast         |    13 |     8 |     1 ||    22
Invok: Heroism           |       |     1 |     3 ||     4
  Use: Scroll            |     7 |     4 |     1 ||    12
       Potion            |       |     4 |     1 ||     5
 Stab: Sleeping          |     2 |       |       ||     2
  Eat: Chunk             |    19 |    19 |     8 ||    46
Armor: Robe              |    62 |    35 |    18 ||   115
Dodge: Dodged            |    77 |    42 |    52 ||   171
